AoeStats
← 150490644@

Arabia

508085923Analyzed
1v1 RM · 11d ago on Sep 20, 2026· 36m 30s· 2 players
Game mode
Random Map
Map size
Tiny (2 player)
Population
200
Speed
Normal
Resources
Standard
Victory
Conquest
Starting age
Dark Age
Ending age
Imperial Age
RankedLock teamsTeams togetherTeam positionsShared explorationLock speedFull tech treeHidden civsTurbo modeCheats
Victory
Defeat
🇮🇹 Franks · Italy
919
+16
🇲🇽 Bohemians · Mexico
924
-16
150490644@
6:30 Loom
9:25 Feudal Age
11:26 Double-Bit Axe
15:31 Man-at-Arms
21:34 Castle Age
20:09 Gold Mining
21:22 Scale Barding Armor
21:28 Forging
22:11 Wheelbarrow
22:38 Bow Saw
23:11 Husbandry
24:26 Hand Cart
25:53 Chain Barding Armor
26:25 Town Watch
27:31 Iron Casting
MAXIMO PFK
6:43 Loom
9:17 Feudal Age
9:48 Town Watch
12:33 Double-Bit Axe
17:08 Horse Collar
19:55 Castle Age
20:07 Scale Mail Armor
22:09 Fervor
22:20 Sanctity
22:57 Squires
25:59 Wheelbarrow
26:30 Forging
27:33 Redemption
27:09 Pikeman
30:52 Fletching
31:19 Chain Mail Armor
Connection lost

Rejoining the realm…

Still unreachable

The connection could not be restored.

Session expired

The server has moved on; the page needs a fresh start.